 Dungeon Crawl Stone Soup version 0.24-a0-235-g3f03afc (webtiles) character file.

Game seed: 17567803519785549287

576 xeno23 the Sneak (level 7, -6/45 HPs)
             Began as an Octopode Assassin on Apr 6, 2019.
             Was a Priest of Uskayaw.
             Mangled by an iguana (12 damage)
             ... on level 5 of the Dungeon.
             The game lasted 00:13:46 (4054 turns).

xeno23 the Sneak (Octopode Assassin)                Turns: 4054, Time: 00:13:47

Health: -6/45      AC:  1    Str: 18    XL:     7   Next: 35%
Magic:  7/7        EV: 16    Int: 17    God:    Uskayaw [***...]
Gold:   196        SH:  0    Dex: 16    Spells: 6/6 levels left

rFire    . . .     SeeInvis .   a - +2 short sword (drain)
rCold    . . .     Gourm    .   D - +0 buckler
rNeg     . . .     Faith    +   (helmet restricted)
rPois    .         Spirit   .   F - amulet of faith
rElec    .         Reflect  .   l - +4 ring of intelligence
rCorr    .         Harm     .   p - +6 ring of strength
MR       .....     Rnd*Rage +   v - +3 ring of evasion
Stlth    +++.......             (no ring)
HPRegen  0.15/turn              (no ring)
MPRegen  0.10/turn              (no ring)
                                (no ring)
                                (no ring)

@: confused, lethally poisoned (-6 -> -12)
A: almost no armour, stealthy swim, amphibious, 8 rings, constrict 8, camouflage
1, berserk 1, sense surroundings 1, strong 1, gelatinous body 1, MP-powered
wands
a: Stomp, Line Pass, Renounce Religion


You were on level 5 of the Dungeon.
You worshipped Uskayaw.
Uskayaw was noncommittal.
You were not hungry.

You visited 1 branch of the dungeon, and saw 5 of its levels.
You also visited: Sewer.

You collected 196 gold pieces.

Inventory:

Hand Weapons
 a - a +2 short sword of draining (weapon)
 s - a +0 blowgun
 x - a +2 dagger
 E - a +2 short sword of holy wrath
 I - a +0 falchion of electrocution
Missiles
 c - 42 poisoned needles
 d - 2 curare-tipped needles
 u - 3 needles of confusion
Armour
 D - a +0 buckler (worn)
Jewellery
 l - a +4 ring of intelligence (left tentacle)
 p - a +6 ring of strength (right tentacle)
 v - a +3 ring of evasion (on tentacle)
 F - an amulet of faith (around mantle)
Scrolls
 b - a scroll of identify
 g - 2 scrolls of amnesia
 h - 2 scrolls of magic mapping {unknown}
 j - a scroll of remove curse
 k - 2 scrolls of blinking {unknown}
 n - 2 scrolls of enchant weapon {unknown}
 r - a scroll of immolation {unknown}
 y - 2 scrolls of fog {unknown}
 B - a scroll of enchant armour {unknown}
 C - a scroll of teleportation {unknown}
 H - a scroll of fear {unknown}
Potions
 e - a potion of resistance
 i - 3 potions of agility
 o - a potion of haste
 q - 4 potions of berserk rage
 t - 3 potions of magic
 z - 3 potions of invisibility
 A - 2 potions of flight
Comestibles
 f - 6 rations
 m - 4 chunks of flesh


   Skills:
 - Level 2.0 Fighting
 * Level 5.9 Short Blades
 - Level 2.0 Throwing
 - Level 1.0 Dodging
 + Level 7.7 Stealth
 * Level 3.1 Shields


You had 6 spell levels left.
You didn't know any spells.
Your spell library was empty.

Dungeon Overview and Level Annotations

Branches:
Dungeon (5/15)             Temple (0/1) D:5

Altars:
Dithmenos
Fedhas
Nemelex Xobeh
Uskayaw
The Shining One


Innate Abilities, Weirdness & Mutations

You cannot wear most types of armour.
You are very stealthy in the water. (Stealth+)
You are amphibious.
You can wear up to eight rings at the same time.
You can use your tentacles to constrict eight enemies at once.
Your skin changes colour to match your surroundings (Stealth+).
Your rubbery body absorbs attacks. (AC +1, EV +1)
You tend to lose your temper in combat.
You passively map a small area around you.
Your muscles are strong. (Str +2)
You expend magic power (3 MP) to strengthen your wands.


Message History

* * * LOW HITPOINT WARNING * * *
The adder closely misses you.
You take 3 damage.
You hit the adder.
You kill the adder!
You feel sick. The orc hits you with a +0 hand axe!
* * * LOW HITPOINT WARNING * * *
Uskayaw will force your foes to helplessly watch your dance.
Uskayaw prepares the audience for your solo!
You take 8 damage.
It was a potion of ambrosia.
You are confused.
You feel invigorated.
The adder is no longer paralysed.
The iguana is no longer paralysed.
The orc warrior is no longer paralysed.
The orc wizard is no longer paralysed.
The worker ant zombie is no longer paralysed.
The jelly is no longer paralysed.
The orc wizard casts a spell.
The orc wizard seems to speed up.
The iguana bites you!
You die...

## #. ###. ###... #..... **
####* ######## #....> ....#
#.S....# #..... .....#
####@o....## ##.....
.....!###.ol.o.....####..#..#
,
..........Joo...........##.##
...........Z.)............^#
............o...........#####
,
........o.............).###..
,
......)..................##..
......................รท......
.................(...######..


You could see an orc warrior, an iguana, a jelly, an orc wizard, an adder, 5
orcs and a worker ant zombie.

Vanquished Creatures
  A centaur (D:5)
  2 orc priests
  2 hounds (D:5)
  Crazy Yiuf (D:2)
  2 iguanas
  2 worker ants
  A howler monkey skeleton (D:4)
  3 gnolls (D:3)
  A river rat (D:3)
  5 adders
  4 oozes
  2 adder skeletons
  9 worms
  4 leopard geckos
  6 orcs
  5 ball pythons
  14 bats
  4 giant cockroaches
  6 goblins
  4 hobgoblins
  11 jackals
  2 quokkas
  8 frilled lizards
  8 kobolds
  2 leopard gecko skeletons
  A leopard gecko zombie (D:4)
  2 quokka skeletons (D:4)
  9 rats
  A plant (D:1)
122 creatures vanquished.

Notes
Turn   | Place    | Note
-------+----------+-------------------------------------------
     0 | D:1      | xeno23 the Octopode Assassin began the quest for the Orb.
     0 | D:1      | Reached XP level 1. HP: 14/14 MP: 1/1
   775 | D:1      | Reached XP level 2. HP: 19/19 MP: 2/2
  1146 | D:2      | Reached XP level 3. HP: 14/24 MP: 3/3
  1303 | D:2      | Reached skill level 6 in Stealth
  1498 | D:2      | Found a faded altar of an unknown god.
  1498 | D:2      | Found a sparkling altar of Nemelex Xobeh.
  1503 | D:2      | Found a hide-covered altar of Uskayaw.
  1505 | D:2      | Found a faded altar of an unknown god.
  1506 | D:2      | Found a glowing golden altar of the Shining One.
  1515 | D:2      | Became a worshipper of Uskayaw the Reveler
  1704 | D:2      | Found a runed translucent door.
  1705 | D:2      | Noticed Crazy Yiuf
  1712 | D:2      | Killed Crazy Yiuf
  1712 | D:2      | Reached XP level 4. HP: 29/29 MP: 4/4
  1712 | D:2      | Reached * piety under Uskayaw
  1864 | D:3      | Reached ** piety under Uskayaw
  2048 | D:3      | Reached XP level 5. HP: 11/34 MP: 5/5
  2139 | D:3      | Found a glowing drain.
  2154 | Sewer    | Entered a sewer
  2405 | Sewer    | Reached *** piety under Uskayaw
  2836 | D:3      | Reached skill level 7 in Stealth
  3399 | D:4      | Reached skill level 5 in Short Blades
  3399 | D:4      | Reached XP level 6. HP: 39/39 MP: 6/6
  3500 | D:4      | Reached skill level 1 in Shields
  3737 | D:4      | Found a blossoming altar of Fedhas.
  3741 | D:4      | Found a shadowy altar of Dithmenos.
  3843 | D:4      | Gained mutation: You passively map a small area around you.
                  | [potion of mutation]
  3843 | D:4      | Gained mutation: You expend magic power (3 MP) to
                  | strengthen your wands. [potion of mutation]
  3843 | D:4      | Gained mutation: You tend to lose your temper in combat.
                  | [potion of mutation]
  3843 | D:4      | Gained mutation: Your muscles are strong. (Str +2) [potion
                  | of mutation]
  3890 | D:4      | Reached **** piety under Uskayaw
  3972 | D:5      | Entered Level 5 of the Dungeon
  3998 | D:5      | Reached XP level 7. HP: 45/45 MP: 7/7
  4008 | D:5      | Found a staircase to the Ecumenical Temple.
  4053 | D:5      | HP: 1/45 [orc/+0 hand axe (7)]
  4054 | D:5      | Mangled by an iguana

Levels and vault maps discovered:
D:1:      kilobyte_arrival_exit_the_forest, layout_rooms, columned_hall_lemuel,
          grunt_decor_cap, minmay_misc_feat_iff, minmay_crystal_water
D:2:      layout_basic, chequers_temple_overflow_minitemple,
          uniq_crazy_yiuf_cottage
D:3:      layout_loops_corners, portal_sewer_entry_e
D:4:      layout_loops_ring, minitemple, first_ration
D:5:      layout_rooms, minmay_temple_entry_drinking_statues,
          uniq_prince_ribbit1
Sewer:    sewer_fruit_machine

Skill      XL: |  1  2  3  4  5  6  7 |
---------------+----------------------+-----
Short Blades   | 3 4 5 |  5.9
Stealth        | 6 7 |  7.7
Shields        | 2 3 |  3.1
Fighting       | |  2.0
Throwing       | |  2.0
Dodging        | |  1.0

Action                   |  1- 3 |  4- 6 |  7- 9 || total
-------------------------+-------+-------+-------++-------
Melee: Dagger            |    70 |       |       ||    70
       Constrict         |    15 |    32 |     2 ||    49
       Tentacles         |    17 |    25 |       ||    42
       Short sword       |     5 |   137 |     8 ||   150
  Use: Scroll            |     2 |     7 |       ||     9
       Potion            |       |     3 |     1 ||     4
 Stab: Sleeping          |    10 |    27 |     1 ||    38
       Distracted        |     1 |       |       ||     1
       Paralysed         |       |     5 |       ||     5
  Eat: Chunk             |     2 |     7 |     1 ||    10
Armor: Skin              |     5 |     2 |       ||     7
Dodge: Dodged            |    23 |    68 |     4 ||    95
Block: Buckler           |       |     8 |     1 ||     9

Table legend:
 A = Non-vault XP
 B = Vault XP
 C = Vault XP percentage of total XP
 D = Non-vault monster count
 E = Vault monster count
 F = Vault count percentage of total count
                 A         B        C        D         E       F
            +---------+---------+-------+---------+---------+-------
      Total |     683 |     141 |  17.1 |      86 |      35 |  28.9
            +---------+---------+-------+---------+---------+-------
        D:1 |      11 |       0 |   0.0 |       7 |       0 |   0.0
        D:2 |      64 |      41 |  39.0 |      26 |       1 |   3.7
        D:3 |      98 |      24 |  19.7 |      21 |       8 |  27.6
        D:4 |     177 |       0 |   0.0 |      23 |       0 |   0.0
        D:5 |     333 |       0 |   0.0 |       9 |       0 |   0.0
      Sewer |       0 |      76 | 100.0 |       0 |      26 | 100.0
            +---------+---------+-------+---------+---------+-------
